 Dungeon Crawl Stone Soup version 0.16-a0-3926-g4728e1c (webtiles) character file.

7 Ololoev the Vexing (level 1, -1/7 HPs)
             Began as a Felid Enchanter on Feb 5, 2015.
             Slain by a kobold
             ... wielding a +0 hand axe
              (6 damage)
             ... on level 1 of the Dungeon.
             The game lasted 00:01:45 (762 turns).

Ololoev the Vexing (Felid Enchanter)                 Turns: 762, Time: 00:01:45

Health: -1/7       AC:  1    Str:  4    XL:     1   Next: 83%
Magic:  4/4        EV: 18    Int: 16    God:
Gold:   10         SH:  0    Dex: 16    Spells: 1 memorised, 3 levels left
                                        Lives:  0   Deaths: 0

rFire  . . .     SeeInvis +       - Unarmed
rCold  . . .     Clarity  .     (armour unavailable)
rNeg   . . .     SustAb   .     (shield unavailable)
rPois  .         Gourm    .     (helmet unavailable)
rElec  .         Spirit   .     (cloak unavailable)
rCorr  .         Warding  .     (gloves unavailable)
rMut   .         Stasis   .     (boots unavailable)
MR     .....                    (no amulet)
Stlth  +++.......               (no ring)
                                (no ring)

@: quick, not resistant to hostile enchantments, fairly stealthy
A: paw claws, no armour, no weapons or thrown items, fangs 3, see invisible,
carnivore 3, speed 1, shaggy fur 1, slow metabolism 1
a: no special abilities


You were on level 1 of the Dungeon.
You were not hungry.

You visited 1 branch of the dungeon, and saw 1 of its levels.

You collected 10 gold pieces.

Notes
Turn   | Place    | Note
--------------------------------------------------------------
     0 | D:1      | Ololoev, the Felid Enchanter, began the quest for the Orb.
     0 | D:1      | Reached XP level 1. HP: 7/7 MP: 4/4
   762 | D:1      | Slain by a kobold

Inventory:

Scrolls
 a - a scroll of magic mapping {unknown}
 b - 2 scrolls of remove curse {unknown}
 e - a scroll of identify {unknown}
 g - a scroll of enchant armour {unknown}
 h - a scroll of random uselessness {unknown}
Potions
 f - a potion of resistance {unknown}
 i - a potion of curing {unknown}
 j - a potion of brilliance {unknown}
Books
 c - a book of Maledictions

   Spells                             Type                      Level
   a - Corona                         Hexes                        1
   b - Sure Blade                     Hexes/Charms                 2
   c - Ensorcelled Hibernation        Hexes/Ice                    2
   d - Confuse                        Hexes                        3
   e - Dazzling Spray                 Conjuration/Hexes            3
   f - Enslavement                    Hexes                        4
Comestibles
 d - a meat ration

Table legend:
 A = Turns spent in this place as a percentage of turns spent in the entire game.
 B = Non-inter-level travel turns spent in this place as a percentage of non-inter-level travel turns spent in the entire game.
 C = Inter-level travel turns spent in this place as a percentage of turns spent in this place.
 D = Turns resting spent in this place as a percentage of non-inter-level travel turns spent in this place.
 E = Turns spent auto-exploring this place as a percentage of non-inter-level travel turns spent in this place.
 F = Non-inter-level travel turns spent in this place divided by the number of levels of this place that you've seen.
                   A       B       C       D       E      F
               +-------+-------+-------+-------+-------+----------------------
         Total | 100.0 | 100.0 |   0.0 |  10.2 |  16.7 | 108.0
       Dungeon | 100.0 | 100.0 |   0.0 |  10.2 |  16.7 | 108.0
               +-------+-------+-------+-------+-------+----------------------


   Skills:
 - Level 2.6 Dodging
 - Level 4.0 Stealth
 + Level 1.4 Unarmed Combat
 - Level 2.0 Spellcasting
 * Level 4.8 Hexes


You had 3 spell levels left.
You knew the following spells:

 Your Spells              Type           Power        Failure   Level  Hunger
a - Corona                Hex            ###....      3%          1    #......


Dungeon Overview and Level Annotations

Branches:
Dungeon (1/15)

Altars:


Innate Abilities, Weirdness & Mutations

You cannot wear armour.
You are incapable of wielding weapons or throwing items.
Your paws have sharp claws.
You have razor-sharp teeth.
You have supernaturally acute eyesight.
You are carnivorous and can eat meat at any time.
You cover ground quickly.
You are covered in fur (AC +1).
You have a slow metabolism.


Message History

There is an open door here.
A kobold comes into view.
The kobold shouts!
The kobold moves out of view.
You start waiting.
Done waiting.
Casting: Corona
Confirm with . or Enter, or press ? or * to list all spells.
You can't see any susceptible monsters within range! (Use Z to cast anyway.)
The kobold is too close now for your liking.
Casting: Corona
Confirm with . or Enter, or press ? or * to list all spells.
Aiming: Corona
Press: ? - help, Shift-Dir - straight line, f - kobold
Aim: a kobold, wielding a hand axe (hasn't noticed you, chance 71%)
The kobold shouts!
The kobold barely resists.
You barely miss the kobold. The kobold completely misses you.
You scratch the kobold but do no damage.
You barely miss the kobold. The kobold hits you with a hand axe.
You closely miss the kobold. The kobold misses you.
You miss the kobold. The kobold barely misses you.
You barely miss the kobold. The kobold closely misses you.
You scratch the kobold but do no damage.
The kobold barely misses you.
You scratch the kobold.
The kobold begins to bleed from its wounds!
Your bite misses the kobold.
The kobold is heavily wounded.
You closely miss the kobold.
The kobold is heavily wounded.
The kobold misses you.
You scratch the kobold.
The kobold is heavily wounded.
The kobold hits you with a hand axe.
You barely miss the kobold.
The kobold is heavily wounded.
The kobold hits you with a hand axe.
Ouch! That really hurt!
You die...

#.# #.# #.# #.# #.#
######## ##.###.......
#########.#...##.#.....
#........#.........#.#.
#.##..@K......##.#.#.#.
#.##.###.(.#.###.......
#.##.# #.###.# #####.##
#....# #. #.# #.#
#.######.###+## #.##
#........##...## #...
#.########.....## #.##
#..## ##.......## #.#.
##...####.........###...


You could see a kobold (bleeding).

Table legend:
 A = Kills in this place as a percentage of kills in entire the game.
 B = Kills by you in this place as a percentage of kills by you in the entire game.
 C = Kills by friends in this place as a percentage of kills by friends in the entire game.
 D = Other kills in this place as a percentage of other kills in the entire game.
 E = Experience gained in this place as a percentage of experience gained in the entire game.
 F = Experience gained in this place divided by the number of levels of this place that you have seen.
                   A       B       C       D       E      F
               +-------+-------+-------+-------+-------+----------------------
         Total | 100.0 | 100.0 |  -nan |  -nan | 100.0 |  10.0
       Dungeon | 100.0 | 100.0 |  -nan |  -nan | 100.0 |  10.0
               +-------+-------+-------+-------+-------+----------------------

Vanquished Creatures
  An ooze (D:1)
  2 kobolds (D:1)
  A giant gecko (D:1)
  2 rats (D:1)
6 creatures vanquished.

Action                   || total
-------------------------++-------
Melee: Unarmed           ||    34
 Cast: Corona            ||     5
 Stab: Sleeping          ||     4

Vault maps used:
D:1:      dpeg_chamrin_arrival_tetris
